 Dungeon Crawl Stone Soup version 0.29-a0-384-g6960b1960d (webtiles) character file.

Game seed: 1835220162295609335

2614 Bruhh the Fighter (level 9, -1/75 HPs)
             Began as a Demonspawn Ice Elementalist on May 7, 2022.
             Slain by an unseen horror (2 damage)
             ... on level 6 of the Dungeon.
             The game lasted 00:14:34 (7827 turns).

Bruhh the Fighter (Demonspawn Ice Elementalist)     Turns: 7827, Time: 00:14:34

Health: -1/75      AC:  9    Str:  9    XL:     9   Next: 34%
Magic:  24/30      EV: 14    Int: 20    God:
Gold:   369        SH:  0    Dex: 14    Spells: 17/24 levels left

rFire   . . .      SeeInvis .   r - +3 quarterstaff (chaos)
rCold   . . .      Faith    .   (shield currently unavailable)
rNeg    . . .      Spirit   .   k - +0 leather armour
rPois   .          Reflect  .   (helmet restricted)
rElec   .          Harm     .   s - +0 cloak
rCorr   .          Rampage  .   (no gloves)
Will    .....                   (no boots)
Stlth   ++........              (no amulet)
HPRegen 0.22/turn               j - ring of magical power
MPRegen 0.22/turn               (no ring)

@: ice-armoured, freezing walls
A: horns 2, repulsion field 2
a: no special abilities


You were on level 6 of the Dungeon.
You visited 1 branch of the dungeon, and saw 6 of its levels.
You also visited: Sewer and Ossuary.

You collected 369 gold pieces.

Inventory:

Hand Weapons
 f - a +0 mace of holy wrath
 q - a +0 long sword
 r - a +3 quarterstaff of chaos (weapon)
 I - a +2 trident of flaming
Missiles
 H - a throwing net
Armour
 a - a +0 robe
 k - a +0 leather armour (worn)
 s - a +0 cloak (worn)
Magical Staves
 J - a staff of conjuration
Jewellery
 j - a ring of magical power (left hand)
 m - an amulet of guardian spirit
Wands
 n - a wand of paralysis (2)
Scrolls
 c - 3 scrolls of blinking
 d - 2 scrolls of summoning {unknown}
 e - a scroll of immolation {unknown}
 g - 6 scrolls of identify
 t - a scroll of fear {unknown}
 x - 3 scrolls of teleportation {unknown}
 y - 2 scrolls of fog {unknown}
 A - 2 scrolls of silence {unknown}
 B - a scroll of enchant weapon {unknown}
 F - 2 scrolls of amnesia {unknown}
 G - a scroll of noise {unknown}
 K - a scroll of magic mapping
Potions
 b - a potion of magic
 h - 6 potions of curing {unknown}
 i - 4 potions of haste {unknown}
 l - 2 potions of brilliance {unknown}
 o - 6 potions of might {unknown}
 p - a potion of attraction {unknown}
 u - 5 potions of mutation {unknown}
 v - 2 potions of heal wounds {unknown}
 w - 2 potions of resistance {unknown}
 z - a potion of cancellation {unknown}
 C - a potion of ambrosia {unknown}
 D - a potion of invisibility {unknown}
 E - 2 potions of lignification {unknown}
 L - a potion of degeneration {unknown}


   Skills:
 + Level 8.8 Fighting
 - Level 1.7 Dodging
 - Level 1.7 Stealth
 - Level 8.0 Spellcasting
 - Level 5.0 Ice Magic


You had 17 spell levels left.
You knew the following spells:

 Your Spells              Type           Power      Damage    Failure   Level
a - Freeze                Ice            100%       1d11      1%          1
b - Frozen Ramparts       Ice            56%        1d7       4%          3
c - Ozocubu's Armour      Ice            28%        N/A       4%          3

Your spell library contained the following spells:

 Spells                   Type           Power      Damage    Failure   Level
 Pain                     Necr           32%        1d5       12%         1
 Dazzling Flash           Conj/Hex       16%        N/A       34%         3
 Hailstorm                Conj/Ice       18%        3d6       38%         4
 Dispel Undead            Necr           8%         3d8       75%         4
 Agony                    Necr           8%         N/A       97%         5
 Silence                  Hex/Air        4%         N/A       97%         5


Dungeon Overview and Level Annotations

Branches:
Dungeon (6/15)              Sewer (visited)         Ossuary (visited)
 Temple: D:4-7

Altars:
Makhleb
Sif Muna

Shops:
D:2 ***[=   D:3 *


Innate Abilities, Weirdness & Mutations

You have a pair of horns on your head.
You are surrounded by a moderate repulsion field. (EV +3)


Message History

Something barely misses you.
Deactivating autopickup; reactivate with Ctrl-A.
You miss something. Your headbutt misses something. Something hits you.
Something hits you.
There is a strange disturbance nearby!
Okay, then.
Something barely misses you. Something hits you.
Something hits you but does no damage. Something hits you. Something hits you!
Something hits you!
You see here 20 stones.
Something hits you. x2
Casting: Frozen Ramparts (dangerous; 4% risk of failure)
Confirm with . or Enter, or press ? or * to list all spells.
Okay, then.
Casting: Frozen Ramparts (dangerous; 4% risk of failure)
Confirm with . or Enter, or press ? or * to list all spells.
Casting: Frozen Ramparts (dangerous; 4% risk of failure)
Press: ? - help, Dir - look around, f - activate The walls around you are covered in ice.
The wall freezes something but does no damage.
Something hits you!
The wall freezes something.
Something hits you.
The wall freezes something.
Something hits you but does no damage.
Casting: Frozen Ramparts (dangerous; 4% risk of failure)
Confirm with . or Enter, or press ? or * to list all spells.
A film of ice covers your body!
The wall freezes something.
Something hits you.
The wall freezes something.
Something hits you!
* * * LOW HITPOINT WARNING * * *
The wall freezes something.
Something hits you but does no damage.
The wall freezes something.
Something closely misses you.
The wall freezes something.
Something hits you.
* * * LOW HITPOINT WARNING * * *
The wall freezes something.
Something hits you.
* * * LOW HITPOINT WARNING * * *
The wall freezes something.
Something hits you!
* * * LOW HITPOINT WARNING * * *
The wall freezes something.
Something hits you.
* * * LOW HITPOINT WARNING * * *
The wall freezes something.
Something hits you.
You die...

#......###.#.....#
########
#......#.......#####
.##.....#.#...#.#...#
..............#.#.#.###
..#....................
............<..........
.......................
#.##......{##.###.### .
........##..@#### .# .#
..#.##..##...### #
#..##.....# .[........#
...........#
####.##.....#
...##.....# <## #......
.....###


There were no monsters in sight!

Vanquished Creatures
  Pikel (D:4)
  Pargi (Sewer)
  A sky beast (D:6)
  An ogre (D:2)
  A kobold brigand (D:4)
  A gnoll sergeant (D:5)
  15 scorpions
  3 centaur zombies (Ossuary)
  4 hounds
  A gnoll shaman (D:5)
  Crazy Yiuf (D:2)
  2 human zombies (Ossuary)
  Jessica (D:3)
  3 iguanas
  4 scorpion zombies (Ossuary)
  3 mummies (Ossuary)
  Robin (D:3)
  8 gnolls (D:5)
  7 adders
  An ufetubus (D:4)
  A worm (D:2)
  3 dart slugs
  12 orcs
  3 ball pythons (D:4)
  3 bats
  4 endoplasms
  5 giant cockroaches
  2 gnoll zombies (Ossuary)
  11 goblins
  13 hobgoblins
  2 jackals (D:1)
  2 quokkas
  10 frilled lizards
  3 goblin zombies (Ossuary)
  3 kobolds
  3 kobold zombies (Ossuary)
  An orc zombie (Ossuary)
  4 rats
145 creatures vanquished.

Notes
Turn   | Place    | Note
-------+----------+-------------------------------------------
     0 | D:1      | Bruhh the Demonspawn Ice Elementalist began the quest for
                  | the Orb.
     0 | D:1      | Reached XP level 1. HP: 13/13 MP: 3/3
   343 | D:1      | Gained mutation: You have a pair of small horns on your
                  | head. [demonic ancestry]
   343 | D:1      | Reached XP level 2. HP: 18/19 MP: 3/5
   701 | D:1      | Found a faded altar of an unknown god.
   996 | D:2      | Found Qacwir's Assorted Antiques.
  1027 | D:2      | Found Coimuc Keri's Armour Shop.
  1055 | D:2      | Gained mutation: You are surrounded by a mild repulsion
                  | field. (EV +2) [demonic ancestry]
  1055 | D:2      | Reached XP level 3. HP: 15/24 MP: 6/6
  1181 | D:2      | Noticed an ogre
  1192 | D:2      | Learned a level 3 spell: Frozen Ramparts
  1203 | D:2      | Killed an ogre
  1204 | D:2      | Reached skill level 5 in Ice Magic
  1204 | D:2      | Reached XP level 4. HP: 5/30 MP: 8/8
  1474 | D:2      | Found Yrabrik's Jewellery Shoppe.
  1553 | D:2      | Got the Handbook of Darkness
  1611 | D:2      | Found Gulivoun's Assorted Antiques.
  1691 | D:2      | Found Elac's General Store.
  1758 | D:2      | Found a burning altar of Makhleb.
  1774 | D:2      | Gained mutation: You have a pair of horns on your head.
                  | [demonic ancestry]
  1774 | D:2      | Reached XP level 5. HP: 29/35 MP: 10/10
  1906 | D:2      | Learned a level 3 spell: Ozocubu's Armour
  2429 | D:2      | Found a runed translucent door.
  2430 | D:2      | Noticed Crazy Yiuf
  2560 | D:2      | Killed Crazy Yiuf
  2700 | D:3      | Noticed Jessica
  2861 | D:3      | Found Xeebbafi's General Store.
  2872 | D:3      | Noticed Robin
  2882 | D:3      | Killed Robin
  3024 | D:3      | Killed Jessica
  3352 | D:4      | Reached XP level 6. HP: 41/41 MP: 13/13
  3399 | D:4      | Noticed Pikel
  3405 | D:4      | Killed Pikel
  3406 | D:4      | Reached skill level 5 in Spellcasting
  3406 | D:4      | Gained mutation: You are surrounded by a moderate repulsion
                  | field. (EV +3) [demonic ancestry]
  3406 | D:4      | Reached XP level 7. HP: 45/46 MP: 17/17
  3473 | D:4      | Found a shimmering blue altar of Sif Muna.
  3571 | D:4      | Found a sand-covered staircase.
  3577 | Ossuary  | Entered an ossuary
  3834 | Ossuary  | Reached XP level 8. HP: 46/53 MP: 20/20
  3843 | Ossuary  | Reached skill level 1 in Fighting
  4609 | Ossuary  | Reached skill level 5 in Fighting
  5989 | D:5      | Entered Level 5 of the Dungeon
  6067 | D:5      | Reached XP level 9. HP: 67/72 MP: 21/21
  6298 | D:5      | Found a glowing drain.
  6302 | Sewer    | Entered a sewer
  6343 | Sewer    | Noticed Pargi
  6354 | Sewer    | Killed Pargi
  7827 | D:6      | HP: 3/75 [something (8)]
  7827 | D:6      | HP: 1/75 [something (2)]
  7827 | D:6      | Slain by an unseen horror

Illustrated notes

Levels and vault maps discovered:
D:1:      dpeg_arrival_solitude, layout_basic, ebering_ecumenical_altar_rust,
          corexii_leaking_fountain
D:2:      layout_loops_corners, serial_shops, shop, shop,
          nicolae_shop_overgrown_old_shop,
          nicolae_shop_competitors_out_of_business, shop, minmay_hexomino_r4,
          uniq_crazy_yiuf_cottage
D:3:      layout_rooms, serial_shops, shop_coins, uniq_robin, uniq_jessica
D:4:      layout_basic, lemuel_blue_sif_altar, enter_ossuary_5, minivault_25,
          uniq_pikel
D:5:      layout_cave_pools, gup_sewer_entry_bowl, lightli_minifort
D:6:      layout_basic, minmay_misc_feat_square

Skill      XL: |  1  2  3  4  5  6  7  8  9 |
---------------+----------------------------+-----
Ice Magic      | 4 5 |  5.0
Spellcasting   | 3 4 7 8 |  8.0
Fighting       | 7 8 |  8.8
Dodging        | |  1.7
Stealth        | |  1.7

Action                   |  1- 3 |  4- 6 |  7- 9 || total
-------------------------+-------+-------+-------++-------
Melee: Unarmed           |    17 |     6 |       ||    23
       Headbutt          |     2 |     6 |    51 ||    59
       Quarterstaff      |       |    30 |   238 ||   268
       Long sword        |       |    14 |       ||    14
       Punch             |       |     1 |       ||     1
 Cast: Freeze            |    30 |    12 |    20 ||    62
       Frozen Ramparts   |     1 |     5 |    14 ||    20
       Ozocubu's Armour  |       |     3 |    12 ||    15
  Use: Scroll            |       |       |     3 ||     3
 Stab: Sleeping          |       |     2 |     3 ||     5
       Paralysed         |       |       |     1 ||     1
Armor: Robe              |     3 |       |       ||     3
       Leather armour    |     1 |    12 |   123 ||   136
Dodge: Dodged            |    24 |    51 |   289 ||   364

Table legend: (Time is in decaauts)
 A = Elapsed time spent in this place.
 B = Non-inter-level travel time spent in this place.
 C = Inter-level travel time spent in this place.
 D = Time resting spent in this place.
 E = Time spent auto-exploring this place.
 F = Levels seen in this place.
 G = Mean time per level.
                   A        B        C        D        E       F      G
               +--------+--------+--------+--------+--------+-----+--------+
         Total |   7953 |   7779 |    174 |    271 |   6238 |   8 |  994.1 |
       Dungeon |   5996 |   5822 |    174 |    271 |   4713 |   6 |  999.3 |
         Sewer |    293 |    293 |      0 |      0 |    218 |   1 |  293.0 |
       Ossuary |   1663 |   1663 |      0 |      0 |   1306 |   1 | 1663.0 |
               +--------+--------+--------+--------+--------+-----+--------+

Top non-repeatable levels by time:
     D:2: 2021 daAuts
 Ossuary: 1663 daAuts
     D:5: 1413 daAuts
     D:4: 1027 daAuts
     D:1: 843 daAuts
     D:3: 498 daAuts
   Sewer: 293 daAuts
     D:6: 192 daAuts
